 Dungeon Crawl Stone Soup version 0.20.1-1-g8b1a95d66d (webtiles) character file.

1306 Ivernyr the Slinger (level 8, -4/50 HPs)
             Began as a Halfling Hunter on Dec 6, 2017.
             Was a Follower of Okawaru.
             Slain by an orc warrior
             ... wielding a +0 hand axe
              (8 damage)
             ... on level 8 of the Dungeon.
             The game lasted 00:31:02 (7966 turns).

Ivernyr the Slinger (Halfling Hunter)               Turns: 7966, Time: 00:31:04

Health: -4/50      AC:  9    Str: 13    XL:     8   Next: 88%
Magic:  8/8        EV: 14    Int: 10    God:    Okawaru [*.....]
Gold:   357        SH:  0    Dex: 16    Spells: 5/7 levels left

rFire    + . .     SeeInvis .   a - +0 fustibalus
rCold    . . .     Gourm    .   (shield restricted)
rNeg     + . .     Faith    .   c - +2 ring mail {rF+}
rPois    .         Spirit   .   (no helmet)
rElec    .         Reflect  .   (no cloak)
rCorr    .         Harm     .   (no gloves)
MR       .....                  G - +0 pair of boots
Stlth    +.........             (no amulet)
Regen    0.2/turn               p - ring of flight
MPRegen  0.2/turn               A - ring of positive energy

@: no status effects
A: mutation resistance 1
a: Heroism, Renounce Religion, Evoke Flight


You were on level 8 of the Dungeon.
You worshipped Okawaru.
Okawaru was aware of your devotion.
You were not hungry.

You visited 2 branches of the dungeon, and saw 9 of its levels.

You collected 357 gold pieces.

Inventory:

Hand Weapons
 a - a +0 fustibalus (weapon)
 b - a +0 short sword
Missiles
 d - 62 sling bullets
 e - 213 stones (quivered)
 w - 35 poisoned needles
Armour
 c - a +2 ring mail of fire resistance (worn)
 m - a +0 buckler
 G - a +0 pair of boots (worn)
Jewellery
 p - a ring of flight (left hand)
 A - a ring of positive energy (right hand)
Wands
 v - a wand of flame (23/48)
 B - a wand of paralysis (15/24)
Scrolls
 g - 6 scrolls of remove curse {unknown}
 i - 8 scrolls of identify {unknown}
 k - 2 scrolls of magic mapping {unknown}
 n - 4 scrolls of enchant weapon {unknown}
 u - 3 scrolls of amnesia {unknown}
 y - 2 scrolls of fog {unknown}
 C - a scroll of immolation {unknown}
 D - a scroll of recharging {unknown}
 E - a scroll of torment {unknown}
 F - a scroll of acquirement {unknown}
Potions
 h - 2 potions of mutation {unknown}
 j - 2 potions of flight {unknown}
 o - 6 potions of curing {unknown}
 q - 2 potions of agility {unknown}
 r - a potion of magic {unknown}
 s - a potion of resistance {unknown}
 x - a potion of cancellation {unknown}
Books
 z - a book of Air

   Spells                             Type                      Level
   a - Shock                          Conjuration/Air              1
   b - Swiftness                      Charms/Air                   2
   c - Static Discharge               Conjuration/Air              3
   d - Airstrike                      Air                          4
   e - Lightning Bolt                 Conjuration/Air              5
Comestibles
 f - 4 bread rations
 l - 2 royal jellies
 t - 9 fruits
 H - 2 meat rations


   Skills:
 - Level 2.0 Fighting
 * Level 11.6 Slings
 + Level 5.2 Armour
 - Level 2.5 Dodging
 - Level 1.1 Stealth
 + Level 5.0 Shields


You had 5 spell levels left.
You knew the following spells:

 Your Spells              Type           Power        Failure   Level  Hunger
a - Swiftness             Chrm/Air       #.......     75%         2    ###....


Dungeon Overview and Level Annotations

Branches:
Dungeon (8/15)             Temple (1/1) D:6
   Lair: D:8-11

Altars:
Cheibriados
Dithmenos
Fedhas
Gozag
Hepliaklqana
Kikubaaqudgha
Makhleb
Okawaru
Qazlal
Ru
Sif Muna
Trog
Uskayaw
Yredelemnul
Zin
The Shining One

Shops:
D:4 ?   D:5 }   D:6 =

Annotations:
D:5 Ivernyr's ghost, novice OgWz


Innate Abilities, Weirdness & Mutations

You are small and have problems with some larger weapons.
You are somewhat resistant to further mutation.


Message History

Aim: an orc warrior, wielding a hand axe and wearing a chain mail (almost dead)
You shoot a stone.
The stone closely misses the orc warrior.
The stone hits the orc priest but does no damage.
The orc priest is almost dead.
The orc warrior hits you with a hand axe!
The orc priest mumbles some strange prayers to Beogh against you.
Beogh smites you!
* * * LOW HITPOINT WARNING * * *
Firing (i - inventory. (,) - cycle):
e - 214 stones (quivered)
Press: ? - help, Shift-Dir - straight line, f/p - orc warrior
Aim: an orc warrior, wielding a hand axe and wearing a chain mail (almost dead)
You shoot a stone.
The stone closely misses the orc warrior.
The stone hits the orc priest!
You kill the orc priest!
Okawaru accepts your kill.
Your Shields skill increases to level 5!
The orc warrior hits you with a hand axe!
You die...

.. # #o #.#. .#. .o #.
#.#.#.###################
#>...))o@..>.............
#.###.###################
#. #. ). ##


You could see an orc warrior.

Vanquished Creatures
  Menkaure (D:6)
  A sky beast (D:6)
  A phantom (D:5)
  An ice beast (D:7)
  A centaur (D:8)
  2 bullfrogs
  2 crimson imps
  A howler monkey (D:6)
  A hound (D:5)
  4 orc priests
  A bullfrog skeleton (D:5)
  An iguana (D:7)
  3 orc wizards
  3 worker ants
  A hound skeleton (D:5)
  7 adders
  4 worms
  2 dart slugs (D:3)
  5 leopard geckos
  27 orcs
  9 giant cockroaches
  10 goblins
  4 hobgoblins
  13 jackals
  11 kobolds
  5 quokkas
  4 bats
  8 frilled lizards
  A giant cockroach zombie (D:6)
  2 leopard gecko skeletons
  A quokka skeleton (D:5)
  8 rats
145 creatures vanquished.

Notes
Turn   | Place    | Note
-------+----------+-------------------------------------------
     0 | D:1      | Ivernyr the Halfling Hunter began the quest for the Orb.
     0 | D:1      | Reached XP level 1. HP: 14/14 MP: 1/1
   363 | D:1      | Reached skill level 6 in Slings
   451 | D:1      | Reached XP level 2. HP: 15/19 MP: 2/2
   789 | D:1      | Reached XP level 3. HP: 23/24 MP: 3/3
  1209 | D:2      | Found a basalt altar of Yredelemnul.
  1342 | D:2      | Reached skill level 1 in Armour
  1399 | D:2      | Reached skill level 7 in Slings
  1399 | D:2      | Reached XP level 4. HP: 29/29 MP: 4/4
  1887 | D:2      | Found a glowing golden altar of the Shining One.
  1887 | D:2      | Found a blossoming altar of Fedhas.
  1887 | D:2      | Found a shadowy altar of Dithmenos.
  2217 | D:3      | Found a hazy altar of Hepliaklqana.
  2261 | D:3      | Reached skill level 1 in Shields
  2824 | D:3      | Reached XP level 5. HP: 34/34 MP: 5/5
  3320 | D:4      | Learned a level 2 spell: Swiftness
  3585 | D:4      | Reached skill level 8 in Slings
  3717 | D:4      | Found Isoudann's Magic Scroll Shop.
  3738 | D:4      | Found a stormy altar of Qazlal.
  3873 | D:4      | Found a deep blue altar of Sif Muna.
  3910 | D:4      | Reached XP level 6. HP: 31/39 MP: 6/6
  4165 | D:5      | Entered Level 5 of the Dungeon
  4165 | D:5      | Found Matoem's Gadget Shop.
  4208 | D:5      | Noticed Ivernyr's ghost (novice OgWz)
  5437 | D:5      | Reached skill level 9 in Slings
  5437 | D:5      | Reached XP level 7. HP: 44/45 MP: 7/7
  5876 | D:6      | Found Vedghug's Jewellery Shoppe.
  5913 | D:6      | Found a bloodstained altar of Trog.
  6044 | D:6      | Noticed Menkaure
  6055 | D:6      | Killed Menkaure
  6219 | D:6      | Found a staircase to the Ecumenical Temple.
  6255 | D:6      | Reached skill level 10 in Slings
  6283 | Temple   | Entered the Ecumenical Temple
  6307 | Temple   | Became a worshipper of Warmaster Okawaru
  6350 | D:6      | Found a glowing silver altar of Zin.
  6395 | D:6      | Reached XP level 8. HP: 50/50 MP: 8/8
  6970 | D:7      | Found a sacrificial altar of Ru.
  7270 | D:7      | Reached skill level 11 in Slings
  7739 | D:8      | Reached skill level 5 in Armour
  7761 | D:8      | Reached * piety under Okawaru
  7966 | D:8      | Reached skill level 5 in Shields
  7966 | D:8      | Slain by an orc warrior

Skill      XL: |  1  2  3  4  5  6  7  8 |
---------------+-------------------------+-----
Slings         | 6 7 8 9 10 11 | 11.6
Fighting       | 2 |  2.0
Armour         | 1 2 3 4 5 |  5.2
Shields        | 1 2 4 5 |  5.0
Dodging        | |  2.5
Stealth        | |  1.1

Action                   |  1- 3 |  4- 6 |  7- 9 || total
-------------------------+-------+-------+-------++-------
Melee: Short sword       |   113 |   302 |    77 ||   492
 Fire: Hunting sling     |     6 |   106 |   198 ||   310
       Fustibalus        |       |       |    28 ||    28
 Stab: Sleeping          |     2 |       |       ||     2
  Eat: Chunk             |     1 |    13 |     7 ||    21
       Fruit             |       |     1 |     1 ||     2
Armor: Leather armour    |    25 |       |       ||    25
       Chain mail        |     2 |   211 |    77 ||   290
       Ring mail         |       |       |     3 ||     3
Dodge: Dodged            |    89 |   147 |    80 ||   316
